 Dungeon Crawl Stone Soup version 0.24.0-123-gd5b16e6ec5 (webtiles) character file.

Game seed: 14718687058803180181, levelgen mode: deterministic

163 Bergy the Cudgeler (level 5, -1/32 HPs)
             Began as a Gargoyle Fighter on Dec 29, 2019.
             Slain by an ogre
             ... wielding a +0 giant club
              (7 damage)
             ... on level 3 of the Dungeon.
             The game lasted 00:05:17 (2254 turns).

Bergy the Cudgeler (Gargoyle Fighter)               Turns: 2254, Time: 00:05:18

Health: -1/32      AC: 10    Str: 26    XL:     5   Next: 44%
Magic:  5/5        EV:  7    Int:  8    God:
Gold:   131        SH:  9    Dex:  9    Spells: 4/4 levels left

rFire    . . .     SeeInvis .   a - +0 flail
rCold    . . .     Gourm    .   c - +0 shield
rNeg     + . .     Faith    .   b - +0 scale mail
rPois    ∞         Spirit   .   (no helmet)
rElec    +         Reflect  .   (no cloak)
rCorr    .         Harm     .   (no gloves)
MR       .....                  (no boots)
Stlth    ..........             (no amulet)
HPRegen  0.10/turn              (no ring)
MPRegen  0.09/turn              (no ring)

@: mighty
A: negative energy resistance 1, electricity resistance, unbreathing,
petrification resistance, rot immunity, AC +4
a: no special abilities


You were on level 3 of the Dungeon.
You were not hungry.

You visited 1 branch of the dungeon, and saw 3 of its levels.

You collected 131 gold pieces.

Inventory:

Hand Weapons
 a - a +0 flail (weapon)
Armour
 b - a +0 scale mail (worn)
 c - a +0 shield (worn)
Jewellery
 j - a cursed -4 ring of strength {unknown}
 p - an uncursed amulet of faith {unknown}
Scrolls
 g - 3 scrolls of identify {unknown}
 k - a scroll of enchant armour {unknown}
 l - a scroll of fog {unknown}
 m - a scroll of blinking {unknown}
 n - 2 scrolls of teleportation {unknown}
Potions
 e - a potion of lignification {unknown}
 h - a potion of resistance {unknown}
 i - a potion of curing {unknown}
Comestibles
 f - 8 rations


   Skills:
 - Level 3.2 Fighting
 * Level 5.5 Maces & Flails
 - Level 3.2 Armour
 - Level 3.2 Shields


You had 4 spell levels left.
You didn't know any spells.
Your spell library was empty.

Dungeon Overview and Level Annotations

Branches:
Dungeon (3/15)

Altars:
Gozag


Innate Abilities, Weirdness & Mutations

You are resistant to torment.
Your stone body is resilient. (AC +4)
You are immune to poison.
You resist negative energy. (rN+)
You are resistant to electric shocks. (rElec)
You can survive without breathing.
You are immune to petrification.
You are immune to rotting.


Message History

You closely miss the scorpion.
The scorpion is almost dead.
You block the scorpion's attack.
You closely miss the scorpion.
The scorpion is almost dead.
The scorpion completely misses you.
You closely miss the scorpion.
The scorpion is almost dead.
The scorpion stings you. You block the scorpion's attack.
You bludgeon the scorpion!!
You kill the scorpion!
You have reached level 5!
You sock the ogre!
The ogre is moderately wounded.
The ogre hits you with a +0 giant club!
* * * LOW HITPOINT WARNING * * *
You sock the ogre!
The ogre is severely wounded.
The ogre hits you with a +0 giant club!
You die...

.............###........÷...
.#.###.####.....###########
#.....# #####.# ###s### #.#
#.# #.# #.# #.# #.# #.#
#.##########.#
#.....O@.....# ###
############.# ...# #..# #..
#.. #.. #.. #.. ###


You could see an ogre.

Vanquished Creatures
  A scorpion (D:3)
  5 adders (D:2)
  A worm (D:2)
  3 dart slugs
  A leopard gecko (D:2)
  6 bats
  A giant cockroach (D:2)
  7 goblins
  5 hobgoblins
  9 jackals
  A quokka (D:2)
  2 ball pythons
  A frilled lizard (D:3)
  6 kobolds
  A quokka skeleton (D:3)
  10 rats
60 creatures vanquished.

Notes
Turn   | Place    | Note
-------+----------+-------------------------------------------
     0 | D:1      | Bergy the Gargoyle Fighter began the quest for the Orb.
     0 | D:1      | Reached XP level 1. HP: 14/14 MP: 1/1
   126 | D:1      | Reached XP level 2. HP: 19/19 MP: 2/2
   346 | D:1      | Reached skill level 3 in Maces & Flails
   558 | D:1      | Found an opulent altar of Gozag.
   647 | D:1      | Reached XP level 3. HP: 23/23 MP: 3/3
   818 | D:2      | Reached skill level 4 in Maces & Flails
   988 | D:2      | Reached XP level 4. HP: 26/28 MP: 4/4
  2048 | D:3      | Found a faded altar of an unknown god.
  2174 | D:3      | Reached skill level 5 in Maces & Flails
  2222 | D:3      | Noticed an ogre
  2252 | D:3      | Reached XP level 5. HP: 17/32 MP: 5/5
  2254 | D:3      | Slain by an ogre

Levels and vault maps discovered:
D:1:      dpeg_arrival_shelter, layout_basic, kennysheep_flooded_box
D:2:      layout_loops_corners, first_ration
D:3:      layout_loops_ring, bloody_makhleb, marbit_many_paths,
          chequers_ecumenical_altar_lobes, minmay_misc_feat_diagonals

Skill      XL: |  1  2  3  4 |
---------------+-------------+-----
Maces & Flails | 3 4 5 |  5.5
Fighting       | |  3.2
Armour         | |  3.2
Shields        | |  3.2

Action                   |  1- 3 |  4- 6 || total
-------------------------+-------+-------++-------
Melee: Flail             |   139 |   137 ||   276
  Use: Potion            |       |     1 ||     1
  Eat: Chunk             |     1 |     4 ||     5
Armor: Scale mail        |   106 |    63 ||   169
Dodge: Dodged            |    39 |    37 ||    76
Block: Shield            |    91 |    83 ||   174
